Map: 아너그라운드 - 래더

Players

Patience - Winner!

  • Race: Protoss Protoss
  • Spawn Location: 1:00

aAaMiNiMaTh (MiNiMaTh)

  • Race: Zerg Zerg
  • Spawn Location: 7:00

Event: IEM XI Katowice - World Championship 2017

VOD

Have the link to the VOD?

Description

Time

  • Played on: Feb. 28, 2017, 9:42 a.m.
  • Length: 6:37

All games in this series

Show
View Real Time Build Order
Export as new Build Order

Patience Protoss - Winner!

Build Orders: 1 Gate Expand 

Get SALT Encoding   

  12  0:01  Probe (Chrono Boost)  
  13  0:11  Probe (Chrono Boost)  
  14  0:18  Pylon  
  14  0:23  Probe (Chrono Boost)  
  15  0:36  Probe (Chrono Boost)  
  15  0:38  Gateway  
  16  0:46  Assimilator  
  16  0:47  Probe (Chrono Boost)  
  17  0:57  Probe (Chrono Boost)  
  17  1:01  Gateway  
  18  1:08  Probe (Chrono Boost)  
  19  1:28  Cybernetics Core  
  19  1:41  Nexus  
  19  1:48  Pylon  
  19  1:52  Probe (Chrono Boost)  
  20  2:02  Adept  
  20  2:04  Adept  
  25  2:09  Probe (Chrono Boost)  
  25  2:11  Warp Gate  
  25  2:15  Assimilator  
  25  2:22  Probe (Chrono Boost)  
  26  2:32  Probe (Chrono Boost)  
  26  2:35  Adept  
  29  2:43  Probe (Chrono Boost)  
  30  2:51  Twilight Council  
  30  2:53  Probe x2 (Chrono Boost)  
  32  3:03  Probe (Chrono Boost)  
  32  3:04  Probe (Chrono Boost)  
  32  3:05  Adept  
  36  3:11  Adept  
  38  3:16  Probe (Chrono Boost)  
  38  3:19  Resonating Glaives  
  39  3:29  Probe (Chrono Boost)  
  39  3:30  Probe (Chrono Boost)  
  41  3:37  Pylon  
  42  3:41  Robotics Facility  
  42  3:42  Probe (Chrono Boost)  
  42  3:44  Probe (Chrono Boost)  
  43  3:54  Probe x2 (Chrono Boost)  
  41  4:01  Gateway x2  
  41  4:07  Probe (Chrono Boost)  
  41  4:08  Mothership Core (Chrono Boost)  
  44  4:13  Pylon  
  44  4:20  Gateway  
  44  4:21  Gateway  
  44  4:26  Gateway  
  44  4:30  Warp Prism  
  46  4:40  Adept  
  46  4:44  Probe x2 (Chrono Boost)  
  50  4:49  Adept  
  48  4:58  Adept  
  48  4:59  Adept  
  50  5:03  Pylon  
  50  5:05  Probe (Chrono Boost)  
  50  5:06  Probe (Chrono Boost)  
  52  5:07  Observer  
  53  5:20  Pylon  
  53  5:24  Pylon  
  53  5:26  Adept x5  
  53  5:27  Adept  
  65  5:39  Pylon  
  65  5:49  Adept x4  
  73  5:50  Adept x2  
  75  5:59  Adept  
  69  6:16  Adept x3  
  69  6:17  Adept x3  
  79  6:19  Adept  
Show
View Real Time Build Order
Export as new Build Order

aAaMiNiMaTh Zerg 

Build Orders: Hatch First 

Get SALT Encoding   

  12  0:00  Drone  
  13  0:12  Overlord  
  13  0:17  Drone  
  14  0:31  Drone x2  
  16  0:36  Drone  
  17  0:55  Hatchery  
  17  0:56  Drone  
  17  0:59  Drone  
  18  1:10  Extractor  
  17  1:15  Spawning Pool  
  17  1:18  Drone  
  17  1:21  Drone  
  18  1:28  Drone  
  19  1:38  Overlord  
  19  1:50  Drone  
  20  2:01  Queen  
  20  2:02  Zergling x2  
  20  2:06  Queen  
  20  2:07  Drone  
  26  2:12  Metabolic Boost  
  26  2:13  Drone  
  27  2:24  Drone x2  
  29  2:31  Drone  
  30  2:40  Drone  
  30  2:41  Drone  
  32  2:44  Hatchery  
  32  2:46  Zergling x2  
  32  2:53  Overlord  
  32  2:55  Zergling x2  
  33  3:03  Zergling x2  
  34  3:07  Zergling x2  
  34  3:11  Zergling x2  
  34  3:12  Zergling x6  
  36  3:18  Drone x3  
  38  3:23  Drone  
  35  3:31  Spore Crawler  
  35  3:32  Spore Crawler  
  33  3:36  Drone  
  33  3:37  Drone  
  33  3:38  Drone  
  36  3:43  Drone  
  36  3:44  Drone  
  38  3:50  Drone x2  
  38  3:52  Drone  
  39  3:56  Drone  
  39  3:58  Drone  
  39  3:59  Drone  
  39  4:02  Drone  
  43  4:04  Drone  
  43  4:09  Overlord  
  44  4:11  Spore Crawler  
  44  4:14  Drone  
  44  4:16  Drone  
  45  4:31  Evolution Chamber  
  45  4:32  Baneling Nest, Drone x2  
  45  4:33  Drone x3  
  45  4:35  Overlord  
  48  4:39  Drone  
  48  4:40  Drone x2  
  50  4:47  Zergling x6  
  50  4:48  Zergling x2  
  51  4:53  Zergling x4  
  51  4:59  Queen  
  54  5:06  Roach Warren  
  54  5:07  Zergling x4  
  55  5:12  Zergling x6  
  55  5:13  Zergling x2  
  59  5:24  Zergling x12  
  59  5:27  Baneling x3  
  59  5:28  Baneling x4  
  65  5:30  Zergling x2  
  65  5:33  Overlord x2  
  66  5:44  Baneling x2  
  56  5:58  Zergling x16  
  56  5:59  Zergling x2  
  56  6:02  Zergling x4  
  56  6:03  Zergling x2  
  56  6:06  Roach x2  
  54  6:17  Baneling  
  54  6:18  Zergling x8  
  56  6:19  Zergling x6  

Tags
 
Add a new tag
Caveats
  • Supply blocks, unpowered buildings, or Contaminate may cause inaccurate times.
  • Supply counts are checked every 10 seconds.